← All builds
Suicide front / Armada / Factory first / OBSERVED BUILD

Standard suicide front

Armada Suicide front build order · Supreme Isthmus

The role's baseline: Bot Lab at 0:21 then straight into reclaim-fed T1 bot production to contest the middle and hold until T2 arrives, with an Advanced Metal Extractor around 9:45.

#rush · 2057 distinct matches · 236 players · 72% of Armada Suicide front games · team won 59% of 2435 · Recently observed

HOW TO PLAY IT

Key timing: Bot Lab by 0:20

  1. Open with mex and lab-first to get Bot Lab up by 0:20.
  2. Expand mex and wind while lab pumps units toward middle.
  3. Push Sentry and early Rocketeer, Centurion to contest middle.
  4. Get T2 constructor out once Pond's boost lets you spare metal.
  5. Upgrade mex to Advanced Metal Extractor as you transition off T1 spam.

Phase by phase

TYPICAL OF ITS 2057 GAMES
  1. 1
  2. 2
  3. 3
PLAY THE OPENING

Follow the example game's first 6:00 step by step: what to build now, what comes next, and where it goes. At 1× it keeps pace with your own game.

  1. 1

    Bot Lab first

    Order
    1. Bot LabBot Lab done ~0:25, middle half 0:20–0:33

    Some games also: mex (44%)

  2. 2

    Bot Lab to 5:00

    Economy
    • Metal Extractor5Mex
    • Wind Turbine4Wind
    Builders
    • Construction Bot3 Con bot
    • Lazarus2 Lazarus
    Army
    • Sentry4 Sentry
    • Rocketeer16 Rocketeer
    • Tick2 Tick
    • Centurion1 Centurion
    Other
    • Radar Tower1 Radar Tower

    Some games also: pawn (37%) · con turret (34%)

    By 5:00 in all: 5 mex · 4 wind

    The example game in this phase · 24 steps
    1. PawnPawn ×3
    2. Wind
    3. LazarusLazarus
    4. Wind ×3
    5. LazarusLazarus
    6. Construction BotCon bot ×2
    7. Mex
    8. Construction BotCon bot
    9. CenturionCenturion
    10. SentrySentry
    11. CenturionCenturion
    12. Mex
    13. Wind ×2
    14. CenturionCenturion
    15. Wind ×4
    16. MaceMace
    17. Wind ×2
    18. MaceMace
    19. Con turret
    20. CenturionCenturion
    21. SentrySentry
    22. Wind
    23. SentrySentry
    24. Con turret
  3. 3

    5:00 to 10:00

    Economy
    • Metal Extractor1Mex
    • Wind Turbine15Wind
    Builders
    • Construction Turret2 Con turret
    • Lazarus2 Lazarus
    • Construction Bot1 Con bot
    Army
    • Sentry1 Sentry
    • Rocketeer8 Rocketeer

    Some games also: pawn (49%) · Radar Tower (46%) · tick (44%) · centurion (44%) · energy storage (42%) · eat Bot Lab (31%)

    By 10:00 in all: 6 mex · 21 wind · 1 energy storage · 2 con turret

    The example game in this phase · 125 steps
    1. SentrySentry
    2. Wind ×2
    3. MaceMace
    4. Wind ×2
    5. MaceMace
    6. Wind
    7. CenturionCenturion
    8. Wind ×3
    9. MaceMace
    10. Wind
    11. MaceMace
    12. Wind
    13. CenturionCenturion
    14. Wind
    15. MaceMace ×2
    16. Wind
    17. CenturionCenturion
    18. MaceMace
    19. Solar
    20. MaceMace
    21. Solar
    22. CenturionCenturion
    23. Mex
    24. Wind
    25. MaceMace
    26. Wind
    27. Construction BotCon bot
    28. Metal storage
    29. Construction BotCon bot
    30. Wind
    31. Construction BotCon bot
    32. Wind
    33. TickTick
    34. Wind ×2
    35. TickTick
    36. Wind
    37. Con turret
    38. TickTick
    39. Wind
    40. TickTick ×2
    41. Wind
    42. TickTick
    43. Con turret
    44. TickTick
    45. Wind
    46. TickTick ×4
    47. Wind
    48. TickTick ×2
    49. Wind
    50. TickTick ×4
    51. Wind ×4
    52. Bot LabBot Labnot finished by 15:00
    53. Bot LabEat Bot Labreclaimed for its metal
    54. Con turret
    55. Wind ×3
    56. Mex
    57. Wind
    58. Con turret
    59. Wind
    60. Bot LabBot Labdone 11:36
    61. Mex
    62. Wind
    63. SentrySentry
    64. Converter
    65. Wind
    66. Converter ×2
    67. TickTick
    68. Wind
    69. Converter
    70. TickTick
    71. Construction BotCon bot
    72. Converter
    73. Wind
    74. Construction BotCon bot
    75. Converter
    76. Wind
    77. Construction BotCon bot
    78. Converter
    79. Wind
    80. TickTick
    81. LazarusLazarus
    82. Converter
    83. Wind
    84. LazarusLazarus ×2
    85. Wind
    86. PawnPawn
    87. Wind
    88. TickTick
    89. Wind
    90. TickTick ×2
    91. Wind
    92. TickTick
    93. Wind
    94. TickTick ×3
    95. Wind
    96. TickTick ×3
    97. Mex
    98. Wind
    99. TickTick
    100. Wind
    101. Con turret
    102. TickTick ×2
    103. Wind
    104. TickTick
    105. Wind
    106. TickTick ×2
    107. Mex
    108. Wind
    109. TickTick
    110. Wind
    111. TickTick
    112. Wind
    113. TickTick
    114. Wind
    115. TickTick
    116. Mex
    117. Wind ×3
    118. Radar TowerRadar Tower
    119. Energy storage
    120. Wind ×2
    121. SentrySentry
    122. Wind ×2
    123. SentrySentry
    124. Wind ×4
    125. SentrySentry

Counts are medians over the build's games: half of them build more, half fewer. The example game is JaplinSeven's (34 OS, 27/08/2026); pick another.

Team trades

IN AT LEAST 30% OF ITS GAMES

You hand over

Nothing regular.

You get

  • Tidal Generator4 Tidal from Pondfirst at 0:11 · in 68% of games
  • Advanced Construction Bot1 T2 con bot from Geo or Techfirst at 7:41 · in 57% of games

How it plays out

Typical game of this build, running totals by minute

Metal produced

010k20k
0:005:0010:0015:00

metal

Enemy metal destroyed

05k10k
0:005:0010:0015:00

metal

Own metal lost

05k10k
0:005:0010:0015:00

metal

2435 games.

Show as table
ByMetal produced: This buildEnemy metal destroyed: This buildOwn metal lost: This build
1:0023000
2:0088600
3:002007185130
4:003109643501
5:0041851352996
6:00535021831706
7:00654530602588
8:00775739373496
9:00903546934370
10:001040253145146
11:001188658585952
12:001357264076663
13:001539768757432
14:001729875038209
15:001926981248981
WHAT THE NUMBERS SAY

Standard Suicide front play wins a bit over half its games while taking the heaviest own losses of any role by 15:00.

  • + Produces 20142 metal by 15:00, highest of the front roles.
  • + First kill by 2:01 in all games, fastest contest of middle.
  • − Own metal lost hits 9178 by 15:00, more than enemy metal destroyed.
  • − Only 34% Rocketeer share shows army spread thin across many bot types.
THE EXAMPLE YOU ARE READING

JaplinSeven

33.9 OS · 27/08/2026

Open source match ↗

0 received units
16 metal received · 193 energy received

Allied construction assistance is unknown. Timings are observations, not a promise of solo reproducibility.

Typical milestones

Bot Lab0:25Middle 50%: 0:20–0:33 · n=2427
Advanced Metal Extractor9:46Middle 50%: 8:50–10:59 · n=1759

Played most by

_X_265games of this buildPlatinumBlonde188games of this buildXad165games of this buildTrapCaT110games of this buildImmort80games of this build